PL
VANCOUVER GREY WOLVES @ NEW ORLEANS VOODOO
08/20/2038
 
TOP OF THE 1ST
Vancouver Grey Wolves batting - Pitching for New Orleans Voodoo : LHP Will Hunting
Pitching: LHP Will Hunting
Batting: RHB Urs van Munster 0-0: Ball
1-0: Ball
2-0: SINGLE (Groundball, 6D, EV 105.6 MPH)
Batting: RHB Oliver Villalva 0-0: Called Strike
0-1: Ball
1-1: Called Strike
1-2: Foul Ball, location: 2F
1-2: Strikes out swinging
Batting: RHB Richard Jost 0-0: Ball
1-0: Ball
2-0: Swinging Strike
2-1: Foul Ball, location: 2F
2-2: Foul Ball, location: 2F
2-2: Ball
3-2: Base on Balls
Urs van Munster to second
Batting: LHB Johan Kroening 0-0: Ball
Urs van Munster steals 3rd base
Richard Jost to second
1-0: Ball
2-0: Fly out, F9 (Flyball, 9LS, EV 90.0 MPH)
Batting: RHB Juanito González 0-0: Ground out 5-3 (Groundball, 56, EV 86.9 MPH)
Top of the 1st over - 0 runs, 1 hit, 0 errors, 2 left on base; Vancouver 0 - New Orleans 0
BOTTOM OF THE 1ST
New Orleans Voodoo batting - Pitching for Vancouver Grey Wolves : LHP Gerardo Pagán
Pitching: LHP Gerardo Pagán
Batting: RHB Griffin Woodfinlevine 0-0: Ball
1-0: Ground out 6-3 (Groundball, 6M, EV 103.8 MPH)
Batting: RHB Colm Goodwill 0-0: Ball
1-0: Ball
2-0: Fly out, F9 (Flyball, 9S, EV 90.0 MPH)
Batting: RHB Tae-cho Han 0-0: Called Strike
0-1: Foul Ball, location: 2F
0-2: Foul Ball, location: 2F
0-2: Foul Ball, location: 2F
0-2: Strikes out swinging
Bottom of the 1st over - 0 runs, 0 hits, 0 errors, 0 left on base; Vancouver 0 - New Orleans 0
TOP OF THE 2ND
Vancouver Grey Wolves batting - Pitching for New Orleans Voodoo : LHP Will Hunting
Batting: RHB José de la Cavallería 0-0: Fly out, F9 (Flyball, 9D, EV 90.6 MPH)
Batting: LHB José Román 0-0: Ball
1-0: Ball
2-0: Foul Ball, location: 2F
2-1: Ground out 3-1 (Groundball, 34, EV 86.9 MPH)
Batting: LHB Gene Ricks 0-0: Called Strike
0-1: Called Strike
0-2: Ball
1-2: Ball
2-2: Ball
3-2: Strikes out swinging
Top of the 2nd over - 0 runs, 0 hits, 0 errors, 0 left on base; Vancouver 0 - New Orleans 0
BOTTOM OF THE 2ND
New Orleans Voodoo batting - Pitching for Vancouver Grey Wolves : LHP Gerardo Pagán
Batting: RHB Gilberto Juárez 0-0: Fly out, F4 (Popup, 4MD, EV 71.2 MPH)
Batting: LHB Jorge Alejándrez 0-0: Ball
1-0: Ball
2-0: Swinging Strike
2-1: Foul Ball, location: 2F
2-2: Strikes out swinging
Batting: RHB Petri Kallio 0-0: Ball
1-0: Ball
2-0: Called Strike
2-1: Reached on error, E5 (Groundball, 56S, EV 85.6 MPH)
Batting: LHB Weston Doyle 0-0: Ball
1-0: Called Strike
1-1: Ball
2-1: Fly out, F8 (Line Drive, 8RM, EV 94.4 MPH)
Bottom of the 2nd over - 0 runs, 0 hits, 1 error, 1 left on base; Vancouver 0 - New Orleans 0
TOP OF THE 3RD
Vancouver Grey Wolves batting - Pitching for New Orleans Voodoo : LHP Will Hunting
Batting: RHB António López 0-0: Ground out 4-3 (Groundball, 4, EV 102.5 MPH)
Batting: RHB Urs van Munster 0-0: Ball
1-0: Fly out, F8 (Flyball, 8RM, EV 96.9 MPH)
Batting: RHB Oliver Villalva 0-0: Ball
1-0: Ball
2-0: Ball
3-0: Base on Balls
Batting: RHB Richard Jost 0-0: Foul Ball, location: 2F
0-1: Foul Ball, location: 2F
0-2: Ball
1-2: Foul Ball, location: 2F
1-2: Foul Ball, location: 2F
1-2: Ball
2-2: Ball
3-2: Strikes out swinging
Top of the 3rd over - 0 runs, 0 hits, 0 errors, 1 left on base; Vancouver 0 - New Orleans 0
BOTTOM OF THE 3RD
New Orleans Voodoo batting - Pitching for Vancouver Grey Wolves : LHP Gerardo Pagán
Batting: RHB Shimei Miura 0-0: Foul Ball, location: 2F
0-1: Called Strike
0-2: Ball
1-2: Ball
2-2: Foul Ball, location: 2F
2-2: Ball
3-2: Base on Balls
Batting: RHB John Clark 0-0: Ball
1-0: Ball
2-0: Called Strike
2-1: Foul Ball, location: 2F
2-2: Ball
3-2: Base on Balls
Shimei Miura to second
Batting: RHB Griffin Woodfinlevine 0-0: Ball
1-0: Swinging Strike
1-1: Foul Ball, location: 2F
1-2: Fly out, F8 (Flyball, 89M, EV 86.2 MPH)
Batting: RHB Colm Goodwill 0-0: Ball
1-0: Foul Ball, location: 2F
1-1: Ball
2-1: Swinging Strike
2-2: Ball
3-2: Base on Balls
Shimei Miura to third
John Clark to second
Batting: RHB Tae-cho Han 0-0: Ball
1-0: Called Strike
1-1: Ball
2-1: Called Strike
2-2: Foul Ball, location: 2F
2-2: Ball
3-2: Foul Ball, location: 2F
3-2: Strikes out swinging
Batting: RHB Gilberto Juárez 0-0: Ball
1-0: Ground out 4-3 (Groundball, 4, EV 101.2 MPH)
Bottom of the 3rd over - 0 runs, 0 hits, 0 errors, 3 left on base; Vancouver 0 - New Orleans 0
TOP OF THE 4TH
Vancouver Grey Wolves batting - Pitching for New Orleans Voodoo : LHP Will Hunting
Batting: LHB Johan Kroening 0-0: Called Strike
0-1: Ball
1-1: Ball
2-1: Foul Ball, location: 2F
2-2: Ball
3-2: Strikes out looking
Batting: RHB Juanito González 0-0: Called Strike
0-1: Ground out 5-3 (Groundball, 56, EV 81.2 MPH)
Batting: RHB José de la Cavallería 0-0: Ball
1-0: Called Strike
1-1: Foul Ball, location: 2F
1-2: Ball
2-2: Foul Ball, location: 2F
2-2: Fly out, F9 (Flyball, 9LMF, EV 101.2 MPH)
Top of the 4th over - 0 runs, 0 hits, 0 errors, 0 left on base; Vancouver 0 - New Orleans 0
BOTTOM OF THE 4TH
New Orleans Voodoo batting - Pitching for Vancouver Grey Wolves : LHP Gerardo Pagán
Batting: LHB Jorge Alejándrez 0-0: Ball
1-0: Foul Ball, location: 2F
1-1: Ground out 4-3 (Groundball, 4, EV 78.1 MPH)
Batting: RHB Petri Kallio 0-0: Swinging Strike
0-1: Ball
1-1: Called Strike
1-2: Strikes out swinging
Batting: LHB Weston Doyle 0-0: Ball
1-0: Ball
2-0: Fly out, F8 (Line Drive, 8LD, EV 94.4 MPH)
Bottom of the 4th over - 0 runs, 0 hits, 0 errors, 0 left on base; Vancouver 0 - New Orleans 0
TOP OF THE 5TH
Vancouver Grey Wolves batting - Pitching for New Orleans Voodoo : LHP Will Hunting
Batting: LHB José Román 0-0: Ball
1-0: Ball
2-0: Foul Ball, location: 2F
2-1: Fly out, F7 (Line Drive, 7, EV 86.2 MPH)
Batting: LHB Gene Ricks 0-0: Foul Ball, location: 2F
0-1: Swinging Strike
0-2: Strikes out swinging
Batting: RHB António López 0-0: Called Strike
0-1: SINGLE (Groundball, 6MD, EV 110.0 MPH)
Batting: RHB Urs van Munster 0-0: Called Strike
0-1: Ball
1-1: Fielders Choice at 2nd, 6-4 (Groundball, 6, EV 103.1 MPH)
Top of the 5th over - 0 runs, 1 hit, 0 errors, 1 left on base; Vancouver 0 - New Orleans 0
BOTTOM OF THE 5TH
New Orleans Voodoo batting - Pitching for Vancouver Grey Wolves : LHP Gerardo Pagán
Batting: RHB Shimei Miura 0-0: Ball
1-0: Called Strike
1-1: Ball
2-1: Ball
3-1: SINGLE (Line Drive, 7S, EV 100.0 MPH)
Batting: RHB John Clark 0-0: Ball
1-0: Called Strike
1-1: Foul Ball, location: 2F
1-2: Ball
2-2: Strikes out swinging
Batting: RHB Griffin Woodfinlevine 0-0: Ball
1-0: Ball
2-0: Ball
3-0: Called Strike
3-1: Called Strike
3-2: Fielders Choice at 2nd, 4-6 (Groundball, 4, EV 82.5 MPH)
Batting: RHB Colm Goodwill 0-0: Foul Ball, location: 2F
0-1: SINGLE (Flyball, 9LS, EV 89.4 MPH)
Griffin Woodfinlevine to second
Runner from 2nd tries for 3rd, SAFE, throw by RF made to third
Batting: RHB Tae-cho Han 0-0: Called Strike
0-1: Ball
1-1: Foul Ball, location: 2F
1-2: Foul Ball, location: 2F
1-2: Ball
2-2: Ground out 6-3 (Groundball, 6, EV 101.9 MPH)
Bottom of the 5th over - 0 runs, 2 hits, 0 errors, 2 left on base; Vancouver 0 - New Orleans 0
TOP OF THE 6TH
Vancouver Grey Wolves batting - Pitching for New Orleans Voodoo : LHP Will Hunting
Batting: RHB Oliver Villalva 0-0: Called Strike
0-1: Ball
1-1: Called Strike
1-2: Ball
2-2: Strikes out swinging
Batting: RHB Richard Jost 0-0: Ball
1-0: Fly out, F7 (Line Drive, 7, EV 92.5 MPH)
Batting: LHB Johan Kroening 0-0: Swinging Strike
0-1: Ball
1-1: Called Strike
1-2: Ball
2-2: Ball
3-2: Base on Balls
Batting: RHB Juanito González 0-0: Called Strike
0-1: Ball
1-1: SINGLE (Line Drive, 78S, EV 108.8 MPH)
Johan Kroening to second
Runner from 2nd tries for 3rd, SAFE, throw by LF made to third
Batting: RHB José de la Cavallería 0-0: Called Strike
0-1: Ball
1-1: Fielders Choice at 2nd, 6-4 (Groundball, 6, EV 87.5 MPH)
Top of the 6th over - 0 runs, 1 hit, 0 errors, 2 left on base; Vancouver 0 - New Orleans 0
BOTTOM OF THE 6TH
New Orleans Voodoo batting - Pitching for Vancouver Grey Wolves : LHP Gerardo Pagán
Batting: RHB Gilberto Juárez 0-0: Called Strike
0-1: Ball
1-1: Called Strike
1-2: Foul Ball, location: 2F
1-2: Ball
2-2: Foul Ball, location: 2F
2-2: Foul Ball, location: 2F
2-2: Foul Ball, location: 2F
2-2: Foul Ball, location: 2F
2-2: Ball
3-2: Foul Ball, location: 2F
3-2: Foul Ball, location: 2F
3-2: Ground out 4-3 (Groundball, 4, EV 81.9 MPH)
Pitching: RHP Jasper Jordan
Batting: LHB Jorge Alejándrez 0-0: Called Strike
0-1: Fly out, F4 (Popup, 4MD, EV 50.0 MPH)
Batting: RHB Petri Kallio 0-0: Called Strike
0-1: Fly out, F9 (Flyball, 9LS, EV 91.2 MPH)
Bottom of the 6th over - 0 runs, 0 hits, 0 errors, 0 left on base; Vancouver 0 - New Orleans 0
TOP OF THE 7TH
Vancouver Grey Wolves batting - Pitching for New Orleans Voodoo : LHP Will Hunting
Batting: LHB José Román 0-0: Ball
1-0: Ball
2-0: Foul Ball, location: 2F
2-1: Swinging Strike
2-2: Foul Ball, location: 2F
2-2: Strikes out swinging
Batting: LHB Gene Ricks 0-0: Called Strike
0-1: Ball
1-1: Ball
2-1: Foul Ball, location: 2F
2-2: Ball
3-2: Ground out 4-3 (Groundball, 4, EV 101.2 MPH)
Batting: RHB António López 0-0: Called Strike
0-1: Ball
1-1: Ball
2-1: Ball
3-1: Called Strike
3-2: Base on Balls
Pitching: RHP Ewan Atwood
Batting: RHB Urs van Munster 0-0: Called Strike
0-1: Fielders Choice at 2nd, 6-4 (Groundball, 6, EV 83.1 MPH)
Top of the 7th over - 0 runs, 0 hits, 0 errors, 1 left on base; Vancouver 0 - New Orleans 0
BOTTOM OF THE 7TH
New Orleans Voodoo batting - Pitching for Vancouver Grey Wolves : RHP Jasper Jordan
Batting: LHB Weston Doyle 0-0: Ball
1-0: Foul Ball, location: 2F
1-1: Foul Ball, location: 2F
1-2: Foul Ball, location: 2F
1-2: Ball
2-2: Foul Ball, location: 2F
2-2: Ball
3-2: Foul Ball, location: 2F
3-2: Strikes out swinging
Batting: RHB Shimei Miura 0-0: Foul Ball, location: 2F
0-1: Ball
1-1: Fly out, F6 (Line Drive, 6, EV 54.4 MPH)
Batting: RHB John Clark 0-0: Ball
1-0: Called Strike
1-1: Foul Ball, location: 2F
1-2: Ball
2-2: Foul Ball, location: 2F
2-2: Strikes out swinging
Bottom of the 7th over - 0 runs, 0 hits, 0 errors, 0 left on base; Vancouver 0 - New Orleans 0
TOP OF THE 8TH
Vancouver Grey Wolves batting - Pitching for New Orleans Voodoo : RHP Ewan Atwood
Batting: RHB Oliver Villalva 0-0: Foul Ball, location: 2F
0-1: Ball
1-1: SOLO HOME RUN (Flyball, 78XD, EV 94.4 MPH), Distance : 413 ft
Batting: RHB Richard Jost 0-0: Ball
1-0: Called Strike
1-1: Ball
2-1: Ball
3-1: Fly out, F3 (Line Drive, 3, EV 64.4 MPH)
Batting: LHB Johan Kroening 0-0: Called Strike
0-1: SINGLE (Groundball, 4D, EV 106.9 MPH)
Batting: RHB Juanito González 0-0: Fielders Choice at 2nd, 5-4 (Groundball, 56S, EV 87.5 MPH)
Batting: RHB José de la Cavallería 0-0: DOUBLE (Line Drive, 78D, EV 100.0 MPH)
Juanito González to third
Runner from 3rd tries for Home, SAFE, throw by LF to home
Batting: LHB José Román 0-0: Ball
1-0: Foul Ball, location: 2F
1-1: Called Strike
1-2: Ball
2-2: Ball
Wild Pitch!
José de la Cavallería to third
3-2: Base on Balls
Batting: LHB Gene Ricks 0-0: Ball
1-0: Foul Ball, location: 2F
1-1: Swinging Strike
Balk!
José de la Cavallería scores
José Román to second
1-2: Ball
2-2: Ball
3-2: Foul Ball, location: 2F
3-2: Hit by Pitch
Batting: RHB António López 0-0: Foul Ball, location: 2F
0-1: Swinging Strike
0-2: Ball
1-2: Ball
2-2: Ball
3-2: Foul Ball, location: 2F
3-2: Base on Balls
José Román to third
Gene Ricks to second
Batting: RHB Urs van Munster 0-0: Foul Ball, location: 2F
0-1: SINGLE (Groundball, 6M, EV 101.2 MPH) (infield hit)
José Román scores
Gene Ricks to third
António López to second
Pitching: LHP Sicnarf Loopstok
Batting: RHB Oliver Villalva 0-0: Called Strike
0-1: Called Strike
0-2: Ball
1-2: Strikes out swinging
Top of the 8th over - 4 runs, 4 hits, 0 errors, 3 left on base; Vancouver 4 - New Orleans 0
BOTTOM OF THE 8TH
New Orleans Voodoo batting - Pitching for Vancouver Grey Wolves : RHP Jasper Jordan
Batting: RHB Griffin Woodfinlevine 0-0: Called Strike
0-1: SINGLE (Groundball, 56, EV 95.6 MPH) (infield hit)
Pitching: LHP Quan Shiu
Batting: RHB Colm Goodwill 0-0: Fly out, F8 (Line Drive, 8RM, EV 103.8 MPH)
Batting: RHB Tae-cho Han 0-0: Called Strike
0-1: Swinging Strike
0-2: Ball
1-2: Ball
2-2: Fly out, F8 (Line Drive, 8LM, EV 93.8 MPH)
Batting: RHB Gilberto Juárez 0-0: Ball
1-0: Ball
2-0: Ball
3-0: Base on Balls
Griffin Woodfinlevine to second
Pitching: LHP Sjaak Bonne
Batting: LHB Jorge Alejándrez 0-0: Ball
1-0: Foul Ball, location: 2F
1-1: Swinging Strike
1-2: Strikes out swinging
Bottom of the 8th over - 0 runs, 1 hit, 0 errors, 2 left on base; Vancouver 4 - New Orleans 0
TOP OF THE 9TH
Vancouver Grey Wolves batting - Pitching for New Orleans Voodoo : LHP Sicnarf Loopstok
Pitching: RHP Grover Lowdermilk
Batting: RHB Richard Jost 0-0: Called Strike
0-1: Ball
1-1: Foul Ball, location: 2F
1-2: Foul Ball, location: 2F
1-2: Ground out 1-3 (Groundball, 13, EV 90.6 MPH)
Batting: LHB Johan Kroening 0-0: Foul Ball, location: 2F
0-1: Swinging Strike
0-2: Ball
1-2: Strikes out swinging
Batting: RHB Juanito González 0-0: Swinging Strike
0-1: SINGLE (Groundball, 25, EV 64.4 MPH) (infield hit)
Batting: RHB José de la Cavallería 0-0: Ball
1-0: Called Strike
Juanito González steals 2nd base (no throw)
1-1: Foul Ball, location: 2F
1-2: Foul Ball, location: 2F
1-2: Strikes out swinging
Top of the 9th over - 0 runs, 1 hit, 0 errors, 1 left on base; Vancouver 4 - New Orleans 0
BOTTOM OF THE 9TH
New Orleans Voodoo batting - Pitching for Vancouver Grey Wolves : LHP Sjaak Bonne
Batting: RHB Petri Kallio 0-0: Swinging Strike
0-1: Swinging Strike
0-2: Ball
1-2: Foul Ball, location: 2F
1-2: Ball
2-2: Foul Ball, location: 2F
2-2: Strikes out swinging
Batting: LHB Weston Doyle 0-0: Called Strike
0-1: Ball
1-1: Ball
2-1: Called Strike
2-2: Strikes out swinging
Batting: RHB Shimei Miura 0-0: Ball
1-0: Called Strike
1-1: Called Strike
1-2: DOUBLE (Line Drive, 7LD, EV 109.4 MPH)
Batting: RHB John Clark 0-0: Called Strike
0-1: Ground out 4-3 (Groundball, 4, EV 90.6 MPH)
Bottom of the 9th over - 0 runs, 1 hit, 0 errors, 1 left on base; Vancouver 4 - New Orleans 0
Friday, April 17th, 2020 - OOTP Baseball 20.8 Build 74